AoeStats
← Rommel

Nomad

505130501Analyzed
2v2 RM · 24d ago on Sep 8, 2026· 67m 59s· 4 players
Game mode
Random Map
Map size
176×176
Population
200
Speed
Normal
Resources
Standard
Victory
Conquest
Starting age
Dark Age
Ending age
Imperial Age
RankedLock teamsTeams togetherTeam positionsShared explorationLock speedFull tech treeHidden civsTurbo modeCheats
Victory
Defeat
🇦🇷 Persians · Argentina
1219
+13
🇨🇱 Byzantines · Chile
1197
+14
🇲🇽 Hindustanis · Mexico
1168
-14
🇺🇸 Vietnamese · United States
1147
-13
Pimpin Simpson
4:46 Loom
14:35 Feudal Age
15:21 Double-Bit Axe
16:46 Fletching
18:33 Fishing Lines
21:43 Wheelbarrow
27:06 Castle Age
25:00 Gold Mining
25:24 Padded Archer Armor
27:57 Bloodlines
28:14 Hand Cart
28:02 Bodkin Arrow
28:22 Leather Archer Armor
28:45 Bow Saw
29:33 Town Watch
31:52 Ballistics
34:12 Thumb Ring
35:26 Husbandry
37:51 Murder Holes
43:18 Imperial Age
41:11 Town Patrol
41:59 Chatras
45:33 Chemistry
47:25 Two-Man Saw
47:43 Bracer
47:59 Capped Ram
51:01 Scale Barding Armor
51:07 Forging
51:42 Paper Money
51:21 Elite Battle Elephant
52:22 Siege Engineers
52:01 Treadmill Crane
57:45 Chain Barding Armor
58:01 Iron Casting
56:58 Heavy Cavalry Archer
59:05 Elite Skirmisher
61:26 Hoardings
60:11 Elite Rattan Archer
60:20 Imperial Skirmisher
61:36 Light Cavalry
63:33 Crossbowman
64:07 Horse Collar
64:49 Heavy Plow
64:29 Cavalier
Atila el tres
4:38 Loom
4:44 Loom
14:33 Feudal Age
19:58 Castle Age
21:57 Double-Bit Axe
28:38 Scale Mail Armor
34:21 Gold Mining
34:14 Horse Collar
38:39 Fletching
42:42 Imperial Age
40:15 Pikeman
41:42 Forging
42:25 Stone Mining
47:11 Bloodlines
52:55 Masonry
52:34 Heavy Camel Rider
55:36 Imperial Camel Rider
65:03 Chemistry
El caminante
3:59 Loom
12:48 Feudal Age
14:24 Double-Bit Axe
19:23 Castle Age
18:23 Forging
20:41 Medium Warships
27:17 Fletching
30:21 Horse Collar
33:03 Scale Barding Armor
34:10 Iron Casting
34:52 Bow Saw
34:50 Heavy Plow
35:25 Bloodlines
35:57 Bodkin Arrow
37:46 Chain Barding Armor
38:46 Fishing Lines
39:29 Husbandry
40:40 Town Watch
44:44 Imperial Age
44:42 Cavalier
46:49 Plate Barding Armor
46:18 Gold Mining
48:37 Two-Man Saw
53:29 Savar
57:34 Blast Furnace
59:22 Wheelbarrow
62:08 Hand Cart
66:02 Crop Rotation
Rommel
11:17 Loom
15:53 Feudal Age
18:32 Double-Bit Axe
18:29 Horse Collar
21:18 Castle Age
19:18 Gold Mining
19:22 Fletching
23:06 Bow Saw
26:05 Demolition Ship
26:56 Medium Warships
27:04 Scale Barding Armor
27:10 Forging
28:57 Wheelbarrow
28:42 Husbandry
28:02 Light Cavalry
29:04 Chain Barding Armor
29:19 Iron Casting
30:04 Hand Cart
29:46 Stone Mining
33:43 Bodkin Arrow
34:43 Fishing Lines
44:02 Imperial Age
47:05 Chemistry
45:48 Treadmill Crane
48:43 Hoardings
49:27 Murder Holes
49:55 Conscription
49:57 Heavy Plow
50:10 Padded Archer Armor
51:08 Guilds
50:22 Heavy Camel Rider
53:25 Gold Shaft Mining
52:19 Elite Skirmisher
53:35 Leather Archer Armor
53:21 Bracer
53:54 Pikeman
54:35 Squires
54:20 Arson
54:37 Scale Mail Armor
56:33 Ring Archer Armor
56:19 Chain Mail Armor
56:25 Halberdier
61:46 Plate Barding Armor
60:33 Hussar
62:50 Two-Man Saw
64:36 Plate Mail Armor
67:39 Arrowslits
68:16 Ballistics
Connection lost

Rejoining the realm…

Still unreachable

The connection could not be restored.

Session expired

The server has moved on; the page needs a fresh start.